 Dungeon Crawl Stone Soup version 0.28.0 (webtiles) character file.

Game seed: 1259714034090561753

3122 freelancePsychic the Thaumaturge (level 10, -1/75 HPs)
             Began as a Djinni Conjurer on Feb 17, 2022.
             Was a Believer of Makhleb.
             Killed from afar by Harold (12 damage)
             ... with a harpoon shot
             ... on level 7 of the Dungeon.
             The game lasted 00:09:27 (9851 turns).

freelancePsychic the Thaumaturge (Djinni Conjurer)  Turns: 9851, Time: 00:09:27

Health: -1/75      AC:  7    Str:  6    XL:     10   Next: 14%
Gold:   276        EV:  6    Int: 24    God:    Makhleb [**....] SH:  0 Dex: 12

rFire   + + .      SeeInvis .   r - +4 dagger
rCold   . . .      Faith    .   (no shield)
rNeg    . . .      Spirit   .   c - +0 robe of Rotation {rCorr Slay+6}
rPois   ∞          Reflect  +   (no helmet)
rElec   .          Harm     .   u - +0 cloak
rCorr   +          Rampage  .   (no gloves)
Will    +....                   (boots unavailable)
Stlth   ++........              y - amulet of reflection
HPRegen 0.22/turn               a - ring of protection from cold
MPRegen 0.00/turn               j - +4 ring of protection

@: about to teleport, flying, held
A: sickness immunity, fire resistance 2, cold vulnerability 1, float, innate
caster, HP casting, extra vitality 1
a: Renounce Religion, Minor Destruction


You were on level 7 of the Dungeon.
You worshipped Makhleb.
Makhleb was pleased with you.
You visited 1 branch of the dungeon, and saw 7 of its levels.

You collected 276 gold pieces.

Inventory:

Hand Weapons
 r - a +4 dagger (weapon)
Armour
 c - the +0 robe of Rotation (worn) {rCorr Slay+6}
   (You found it on level 3 of the Dungeon)

   Slay:      It affects your accuracy & damage with ranged weapons and melee
   (+6).
   rCorr:     It protects you from acid and corrosion.
 n - a +0 kite shield
 u - a +0 cloak (worn)
Jewellery
 a - a ring of protection from cold (left hand)
 j - a +4 ring of protection (right hand)
 y - an amulet of reflection (around neck)
Wands
 g - a wand of paralysis (7)
 p - a wand of flame (19) {@v2}
Scrolls
 k - 2 scrolls of enchant armour
 m - 7 scrolls of identify {@r1}
 t - a scroll of brand weapon
 v - a scroll of teleportation {@r4}
 w - a scroll of immolation
 x - a scroll of fog {unknown}
Potions
 b - a potion of ambrosia {unknown}
 f - a potion of attraction
 h - a potion of magic {unknown}
 i - 3 potions of might {unknown}
 o - a potion of flight {unknown}
 q - 2 potions of cancellation {unknown}
 s - a potion of heal wounds {unknown}


   Skills:
 + Level 7.2 Fighting
 - Level 2.2 Dodging
 - Level 1.7 Stealth
 + Level 4.0 Shields
 * Level 8.8 Spellcasting


You had 3 spell levels left.
You knew the following spells:

 Your Spells              Type           Power      Damage    Failure   Level
a - Magic Dart            Conj           100%       1d8       1%          1
b - Searing Ray           Conj           100%       2d8       1%          2
c - Vampiric Draining     Necr           52%        2d9       1%          3
d - Fulminant Prism       Conj/Hex       26%        3d14      1%          4
e - Iskenderun's Mystic   Conj/Tloc      52%        2d11      1%          4
f - Apportation           Tloc           100%       N/A       1%          1
g - Corpse Rot            Necr/Air       100%       N/A       1%          2
h - Ignite Poison         Fire/Tmut/Pois 52%        N/A       1%          3
i - Dazzling Flash        Conj/Hex       100%       N/A       1%          3
Your spell library was empty.

Dungeon Overview and Level Annotations

Branches:
Dungeon (7/15)             Temple (0/1) D:4

Altars:
Makhleb
Nemelex Xobeh
The Shining One

Annotations:
D:3 2 transporters
D:7 Harold, Pikel


Innate Abilities, Weirdness & Mutations

You are immune to sickness and miasma.
You are immune to poison.
Your flesh is very heat resistant. (rF++)
You are vulnerable to cold. (rC-)
You float through the air rather than walking.
You learn spells naturally, not from books.
Your magical power is your life essence.
You have superior vitality. (+4 MHP)


Message History

Aim: a gnoll, wielding a +0 club You draw life force from the gnoll.
You feel life coursing into your body. The gnoll hits you with a +0 club.
Harold the Weathered comes into view.
He is wielding a +0 dire flail and wearing a +2 chain mail of fire resistance.
You are too injured to fight recklessly!
Casting: Vampiric Draining (safe; 1% risk of failure)
Confirm with . or Enter, or press ? or * to list all spells.
Aiming: Vampiric Draining (safe; 1% risk of failure)
Press: ? - help, Shift-Dir - straight line, f/p - gnoll
Aim: a gnoll, wielding a +0 club (moderately wounded)
You draw life force from the gnoll!
You kill the gnoll!
Makhleb accepts your kill.
You feel life coursing into your body.
Harold shouts!
A bullfrog skeleton comes into view.
The centaur shouts!
The centaur shoots an arrow.
The arrow hits you!
* * * LOW HITPOINT WARNING * * *
Harold throws a throwing net.
The throwing net hits you.
You become entangled in the net!
You see here a throwing net.
You struggle against the net.
The centaur shoots an arrow.
The arrow hits you.
* * * LOW HITPOINT WARNING * * *
The centaur shoots an arrow.
The arrow hits you.
* * * LOW HITPOINT WARNING * * *
You tear a large gash into the net.
Okay, then.
It was a potion of curing.
You feel better.
As you read the scroll of teleportation {@r4}, it crumbles to dust.
You feel strangely unstable.
The centaur shoots an arrow.
The arrow hits you!
* * * LOW HITPOINT WARNING * * *
You feel better.
The centaur shoots an arrow.
The arrow barely misses you.
You feel better.
The centaur shoots an arrow.
The arrow hits you!
* * * LOW HITPOINT WARNING * * *
The centaur shoots an arrow.
The arrow hits you!
* * * LOW HITPOINT WARNING * * *
Harold fires a harpoon shot at you. The harpoon shot hits you!
You die...

......
#......."..####....#
...# ###.....###
##.### .# #..#.....#
### .##
#####.<.....# ..#.#
#..........###
......
##....c.......#
......#
#.............##
####...
#.#..............##
..
#.......@####.....#
# #....).)# #....##
#....)@..# #...##
#........## ##.##
......).## ###
.......## (......
....... .....Z.


You could see Harold and a centaur.

Vanquished Creatures
  Grinder (D:3)
  Prince Ribbit (D:6)
  Menkaure (D:5)
  Edmund (D:6)
  Duvessa (D:5)
  A water moccasin (D:5)
  2 black bears
  An ice beast (D:6)
  3 sky beasts (D:6)
  A centaur (D:6)
  2 ogres
  A lemure (D:6)
  2 phantoms (D:5)
  A kobold brigand (D:6)
  A bullfrog (D:7)
  A gnoll sergeant (D:7)
  A scorpion (D:6)
  A water moccasin skeleton (D:4)
  Dowan (D:5)
  3 wights (D:6)
  A centaur zombie (D:5)
  3 bullfrog zombies (D:6)
  3 hounds
  Crazy Yiuf (D:5)
  A bullfrog skeleton (D:5)
  A gnoll shaman (D:6)
  Jessica (D:3)
  6 iguanas
  Ijyb (D:3)
  4 orc wizards
  A killer bee zombie (D:6)
  A hound skeleton (D:4)
  5 gnolls (D:7)
  A howler monkey skeleton (D:6)
  6 adders
  An ufetubus (D:6)
  An adder zombie (D:5)
  2 worms
  2 dart slugs (D:1)
  21 orcs
  10 ball pythons
  6 endoplasms
  2 giant cockroaches
  8 goblins
  4 hobgoblins
  7 jackals
  5 kobolds
  5 quokkas
  4 bats
  A frilled lizard (D:3)
  5 rats
147 creatures vanquished.

Vanquished Creatures (others)
  4 fulminant prisms
4 creatures vanquished.

Grand Total: 151 creatures vanquished

Notes
Turn   | Place    | Note
-------+----------+-------------------------------------------
     0 | D:1      | freelancePsychic the Djinni Conjurer began the quest for
                  | the Orb.
     0 | D:1      | Reached XP level 1. HP: 15/15 MP: 0/0
   446 | D:1      | Reached XP level 2. HP: 20/21 MP: 0/0
   750 | D:1      | Reached skill level 1 in Fighting
   750 | D:1      | Reached XP level 3. HP: 24/27 MP: 0/0
   750 | D:1      | Learned a level 1 spell: Apportation
  1201 | D:1      | Found a faded altar of an unknown god.
  2056 | D:2      | Found a burning altar of Makhleb.
  2079 | D:2      | Became a worshipper of Makhleb the Destroyer
  2230 | D:2      | Reached skill level 4 in Spellcasting
  2230 | D:2      | Reached XP level 4. HP: 28/32 MP: 0/0
  2605 | D:2      | Identified the +10 short sword "Cuuwecka" {vorpal, *Slow
                  | rElec rPois Str+6}
  2746 | D:3      | Found a transporter.
  2903 | D:3      | Found a transporter.
  2933 | D:3      | Identified the +0 robe of Rotation {rCorr Slay+6}
  2940 | D:3      | Reached XP level 5. HP: 33/38 MP: 0/0
  2940 | D:3      | Learned a level 2 spell: Corpse Rot
  3003 | D:3      | Noticed Ijyb
  3021 | D:3      | Killed Ijyb
  3343 | D:3      | Noticed Jessica
  3358 | D:3      | Killed Jessica
  3528 | D:3      | Noticed Grinder
  3534 | D:3      | Killed Grinder
  3535 | D:3      | Reached skill level 5 in Spellcasting
  3535 | D:3      | Reached XP level 6. HP: 15/46 MP: 0/0
  3535 | D:3      | Reached XP level 7. HP: 17/50 MP: 0/0
  3535 | D:3      | Learned a level 3 spell: Ignite Poison
  4015 | D:4      | Found a staircase to the Ecumenical Temple.
  4021 | D:4      | Reached * piety under Makhleb
  5039 | D:5      | Entered Level 5 of the Dungeon
  5360 | D:5      | Noticed Menkaure
  5366 | D:5      | Killed Menkaure
  5367 | D:5      | Reached skill level 6 in Spellcasting
  5367 | D:5      | Reached XP level 8. HP: 46/58 MP: 0/0
  5490 | D:5      | Reached skill level 5 in Fighting
  5984 | D:5      | Noticed Duvessa
  5985 | D:5      | Noticed Dowan
  5989 | D:5      | Killed Duvessa
  5992 | D:5      | Killed Dowan
  5993 | D:5      | Reached skill level 7 in Spellcasting
  6477 | D:5      | Reached XP level 9. HP: 47/66 MP: 0/0
  6477 | D:5      | Learned a level 3 spell: Vampiric Draining
  6642 | D:5      | Found a runed translucent door.
  6643 | D:5      | Noticed Crazy Yiuf
  6875 | D:5      | Killed Crazy Yiuf
  7015 | D:6      | Reached skill level 1 in Shields
  7342 | D:6      | Found a glowing golden altar of the Shining One.
  7557 | D:6      | Reached ** piety under Makhleb
  7897 | D:6      | Reached skill level 8 in Spellcasting
  8009 | D:6      | Noticed Prince Ribbit
  8021 | D:6      | Killed Prince Ribbit
  8075 | D:6      | Found a sparkling altar of Nemelex Xobeh.
  8715 | D:6      | Noticed Edmund
  8720 | D:6      | Killed Edmund
  9089 | D:6      | Reached XP level 10. HP: 41/75 MP: 0/0
  9407 | D:7      | Noticed Pikel
  9843 | D:7      | Noticed Harold
  9851 | D:7      | Killed from afar by Harold

Illustrated notes

Levels and vault maps discovered:
D:1:      ncdulo_halloftheorcs, layout_loops_cross,
          chequers_ecumenical_altar_grove, minmay_hexomino_p4
D:2:      layout_loops_ring, basic_altar, minmay_misc_feat_cross
D:3:      gammafunk_wand_slinger, layout_rooms, minmay_statues_item,
          grunt_ministairs_10, st_stairs_10, uniq_ijyb, uniq_jessica,
          uniq_grinder
D:4:      layout_basic, minmay_temple_entry_statues_pillars
D:5:      nicolae_cairo_tiling_large_dashed, layout_loops_ring, uniq_duvessa,
          uniq_crazy_yiuf_cottage, uniq_menkaure
D:6:      layout_basic, tso_metal_star, mainiacjoe_overflow_surrounded_room,
          hex_intersection, minivault_19, minmay_misc_feat_plants,
          kennysheep_opposing_triangles, uniq_prince_ribbit1, uniq_edmund
D:7:      layout_cave_pools, nicolae_concentric_dashed_squares_wild,
          minmay_puff, uniq_harold, uniq_pikel

Skill      XL: |  1  2  3  4  5  6  7  8  9 10 |
---------------+-------------------------------+-----
Fighting       | 1 2 3 4 5 7 |  7.2
Spellcasting   | 4 5 6 7 8 |  8.8
Shields        | 3 4 |  4.0
Dodging        | |  2.2
Stealth        | |  1.7

Action                   |  1- 3 |  4- 6 |  7- 9 | 10-12 || total
-------------------------+-------+-------+-------+-------++-------
Melee: Unarmed           |     1 |       |       |       ||     1
       Dagger            |       |       |     9 |     2 ||    11
 Cast: Magic Dart        |    31 |     3 |       |       ||    34
       Searing Ray       |    21 |    24 |    30 |     5 ||    80
       Iskenderun's Myst |       |       |    76 |     4 ||    80
       Fulminant Prism   |       |       |     2 |     2 ||     4
       Vampiric Draining |       |       |    27 |     8 ||    35
  Use: Scroll            |       |     5 |     3 |     1 ||     9
       Potion            |       |       |       |     3 ||     3
 Stab: Sleeping          |       |       |     2 |       ||     2
Armor: Robe              |     4 |     7 |    17 |     9 ||    37
Dodge: Dodged            |     2 |    12 |    58 |     9 ||    81
Block: Other             |       |       |       |     4 ||     4
